 Dungeon Crawl Stone Soup version 0.28.0-45-g0d030f2227 (webtiles) character file.

Game seed: 15089449074786382792

42 ImHallYall the Shield-Bearer (level 3, -1/31 HPs)
             Began as a Demigod Fighter on Apr 7, 2022.
             Slain by a worm (4 damage)
             ... on level 2 of the Dungeon on Apr 8, 2022.
             The game lasted 00:02:25 (1240 turns).

ImHallYall the Shield-Bearer (Demigod Fighter)      Turns: 1240, Time: 00:02:25

Health: -1/31      AC:  7    Str: 21    XL:     3   Next: 17%
Magic:  5/5        EV:  9    Int: 16    God:
Gold:   24         SH:  4    Dex: 13    Spells: 2/2 levels left

rFire   . . .      SeeInvis .   a - +0 rapier
rCold   . . .      Faith    .   c - +0 buckler
rNeg    . . .      Spirit   .   b - +0 scale mail
rPois   .          Reflect  .   (no helmet)
rElec   .          Harm     .   (no cloak)
rCorr   .          Rampage  .   e - +0 pair of gloves
Will    .....                   (no boots)
Stlth   ..........              (no amulet)
HPRegen 0.10/turn               g - +6 ring of intelligence
MPRegen 0.09/turn               (no ring)

@: no status effects
A: high MP 1, forlorn, divine attributes
a: no special abilities


You were on level 2 of the Dungeon.
You visited 1 branch of the dungeon, and saw 2 of its levels.

You collected 24 gold pieces.

Inventory:

Hand Weapons
 a - a +0 rapier (weapon)
Armour
 b - a +0 scale mail (worn)
 c - a +0 buckler (worn)
 e - a +0 pair of gloves (worn)
Jewellery
 g - a +6 ring of intelligence (left hand)
 i - a ring of fire
Scrolls
 f - 2 scrolls of identify {unknown}
 h - a scroll of teleportation {unknown}
Potions
 d - 2 potions of might


   Skills:
 + Level 3.0 Fighting
 + Level 2.3 Short Blades
 + Level 3.1 Armour
 + Level 0.1 Dodging
 + Level 3.1 Shields


You had 2 spell levels left.
You didn't know any spells.
Your spell library was empty.

Dungeon Overview and Level Annotations

Branches:
Dungeon (2/15)


Innate Abilities, Weirdness & Mutations

You have an increased reservoir of magic. (+10% MP)
You shall have no god before yourself.
Your divine heritage dramatically boosts your attributes as you level up.


Message History

The frilled lizard is heavily wounded.
You block the hound's attack. The kobold barely misses you.
The frilled lizard bites you but does no damage.
The hound misses you.
You puncture the frilled lizard!
You kill the frilled lizard!
The hound bites you but does no damage. The kobold barely misses you.
The hound misses you. The kobold hits you with a +0 whip. The hound bites you.
You see here a frilled lizard corpse.
You puncture the kobold!
You kill the kobold!
The hound bites you. You block the worm's attack. The hound closely misses you.
You block the hound's attack. The worm bites you but does no damage.
Items here: $ ( ) †.
You miss the hound. The hound bites you but does no damage.
You block the hound's attack.
You hit the hound.
The hound is lightly wounded.
The hound barely misses you. The worm bites you.
You puncture the hound!
The hound is severely wounded.
The hound closely misses you. The hound bites you but does no damage.
You completely miss the hound.
The hound is severely wounded.
The hound barely misses you. The worm bites you!
* * * LOW HITPOINT WARNING * * *
The hound bites you but does no damage.
You closely miss the hound.
The hound is severely wounded.
The hound barely misses you. The worm bites you.
* * * LOW HITPOINT WARNING * * *
You barely miss the hound.
The hound is severely wounded.
The hound bites you but does no damage. x2
You closely miss the hound.
The hound is severely wounded.
The hound bites you.
* * * LOW HITPOINT WARNING * * *
The worm bites you.
You die...

#. #.##.##.###.#.# # #.
#.#...#.......# # #.
#..._...###...# # ##
#.##.#...#.####..# #
#..##....##.##.......# #
.#?.............#####.###
....##....#.#............
........h....#........###
.###...†@....#.###.##.#
.......w)#...#.# #. ...
.######......# # ######
.......# .. #......... ..
#......##.# #....... ..
#...####.


You could see a worm and a hound.

Vanquished Creatures
  3 dart slugs
  4 endoplasms (D:1)
  2 giant cockroaches (D:1)
  2 goblins
  2 hobgoblins (D:1)
  6 jackals (D:1)
  5 kobolds
  5 ball pythons
  A frilled lizard (D:2)
  2 rats (D:1)
32 creatures vanquished.

Notes
Turn   | Place    | Note
-------+----------+-------------------------------------------
     0 | D:1      | ImHallYall the Demigod Fighter began the quest for the Orb.
     0 | D:1      | Reached XP level 1. HP: 18/18 MP: 3/3
   189 | D:1      | Reached XP level 2. HP: 25/25 MP: 4/4
   981 | D:1      | Reached XP level 3. HP: 29/31 MP: 5/5
  1240 | D:2      | Slain by a worm

Illustrated notes

Levels and vault maps discovered:
D:1:      minmay_arrival_split_and_join, layout_basic
D:2:      layout_basic, ebering_ecumenical_altar_box, basic_altar

Skill      XL: |  1  2 |
---------------+-------+-----
Shields        | 3 |  3.1
Armour         | 3 |  3.1
Fighting       | 3 |  3.0
Short Blades   | 2 |  2.3
Dodging        | |  0.1

Action                   || total
-------------------------++-------
Melee: Rapier            ||   100
Armor: Scale mail        ||    53
Dodge: Dodged            ||    67
Block: Buckler           ||    30
